 Dungeon Crawl Stone Soup version 0.29-a0-1008-g949cc1d0fb (webtiles) character file.

Game seed: 1841303476183367006

863 drugrobin the Cleaver (level 7, 0/56 HPs)
             Began as a Demigod Fighter on Aug 7, 2022.
             Slain by Pikel
             ... wielding a +2 whip of electrocution
              (7 damage)
             ... on level 5 of the Dungeon.
             The game lasted 00:13:20 (5340 turns).

drugrobin the Cleaver (Demigod Fighter)             Turns: 5340, Time: 00:13:21

Health: 0/56       AC: 12    Str: 25    XL:     7   Next: 43%
Magic:  3/3        EV:  7    Int: 16    God:
Gold:   340        SH:  4    Dex: 13    Spells: 6/6 levels left

rFire   + . .      SeeInvis .   a - +5 whip of Sloth {antimagic, rCorr}
rCold   . . .      Faith    .   w - +0 buckler
rNeg    . . .      Spirit   .   C - +0 chain mail
rPois   .          Reflect  .   s - +1 helmet
rElec   .          Harm     .   (no cloak)
rCorr   +          Rampage  .   (no gloves)
Will    .....                   f - +0 pair of boots
Stlth   ..........              (no amulet)
HPRegen 0.18/turn               n - ring of protection from fire
MPRegen 0.08/turn               D - +6 ring of intelligence

@: no status effects
A: high MP 1, forlorn, divine attributes
a: no special abilities


You were on level 5 of the Dungeon.
You visited 1 branch of the dungeon, and saw 5 of its levels.

You collected 340 gold pieces.

Inventory:

Hand Weapons
 a - the +5 whip of Sloth (weapon) {antimagic, rCorr}
   (You took it off a kobold on level 4 of the Dungeon)

   It reduces the magical energy of the wielder, and disrupts the spells and
   magical abilities of those it strikes.
   Natural abilities and divine invocations are not affected.
   rCorr:     It protects you from acid and corrosion.
 b - a +0 sling
 c - a +0 war axe
 v - a +0 short sword of venom
 F - a +2 whip of freezing
Missiles
 A - 2 boomerangs (quivered)
Armour
 f - a +0 pair of boots (worn)
 i - a +0 scale mail
 s - a +1 helmet (worn)
 w - a +0 buckler (worn)
 C - a +0 chain mail (worn)
Jewellery
 n - a ring of protection from fire (left hand)
 D - a +6 ring of intelligence (right hand)
Wands
 I - a wand of digging (5)
 J - a wand of acid (5)
Scrolls
 e - 2 scrolls of enchant armour {unknown}
 j - a scroll of magic mapping {unknown}
 l - 2 scrolls of identify {unknown}
 m - a scroll of noise {unknown}
 o - a scroll of fog {unknown}
 q - 2 scrolls of blinking {unknown}
 t - a scroll of enchant weapon {unknown}
 x - a scroll of fear {unknown}
 y - 2 scrolls of amnesia {unknown}
 z - a scroll of silence {unknown}
 B - 2 scrolls of teleportation {unknown}
 E - a scroll of torment {unknown}
 G - a scroll of vulnerability {unknown}
 H - a scroll of immolation {unknown}
Potions
 d - 2 potions of ambrosia {unknown}
 g - 6 potions of heal wounds {unknown}
 h - a potion of degeneration {unknown}
 k - a potion of haste {unknown}
 p - 2 potions of curing {unknown}
 r - a potion of attraction {unknown}
 u - a potion of lignification {unknown}


   Skills:
 - Level 2.6 Fighting
 + Level 8.2 Axes
 - Level 2.6 Armour
 - Level 2.6 Shields


You had 6 spell levels left.
You didn't know any spells.
Your spell library contained the following spells:

 Spells                   Type           Power      Damage    Failure   Level
 Magic Dart               Conj           0%         1d3       93%         1
 Sandblast                Erth           0%         2d4       93%         1
 Call Imp                 Summ           0%         N/A       98%         2
 Passwall                 Tmut/Erth      0%         N/A       98%         2
 Static Discharge         Conj/Air       0%         3-3/arc   98%         2
 Mephitic Cloud           Conj/Pois/Air  0%         N/A       100%        3
 Stone Arrow              Conj/Erth      0%         3d7       100%        3
 Summon Guardian Golem    Hex/Summ       0%         N/A       100%        3
 Dispel Undead            Necr           0%         3d6       100%        4
 Sticky Flame             Conj/Fire      0%         2d3       100%        4
 Orb of Destruction       Conj           0%         9d5       100%        7
 Spellforged Servitor     Conj/Summ      0%         N/A       100%        7


Dungeon Overview and Level Annotations

Branches:
Dungeon (5/15)
 Temple: D:4-7

Annotations:
D:5 Pikel


Innate Abilities, Weirdness & Mutations

You have an increased reservoir of magic. (+10% MP)
You shall have no god before yourself.
Your divine heritage dramatically boosts your attributes as you level up.


Message History

You closely miss Pikel.
Pikel is heavily wounded.
You block Pikel's attack.
You closely miss Pikel.
Pikel is heavily wounded.
Pikel closely misses you.
You hit Pikel.
Pikel is severely wounded.
You closely miss Pikel.
Pikel is severely wounded.
Pikel hits you but does no damage. The lemure hits you but does no damage.
You closely miss Pikel.
Pikel is heavily wounded.
Pikel hits you but does no damage.
You are electrocuted!
The lemure barely misses you.
Unknown command.
Aiming: Corrosive Bolt
Press: ? - help, Shift-Dir - straight line, f/p - Pikel
Aim: Pikel, wielding a +2 whip of electrocution and wearing a +0 robe (heavily wounded, 64% to hit)
The bolt of acid hits Pikel!
Pikel is almost dead.
Pikel hits you but does no damage. The lemure hits you!
The lemure hits you but does no damage.
Unknown command.
Unknown command.
Unknown command.
You hit Pikel.
Pikel is almost dead.
The lemure hits you but does no damage. Pikel hits you but does no damage.
You are electrocuted!!
* * * LOW HITPOINT WARNING * * *
The lemure hits you but does no damage.
Unknown command.
Unknown command.
Unknown command.
You closely miss Pikel.
Pikel is almost dead.
The lemure hits you but does no damage.
Pikel hits you with a +2 whip of electrocution!
You die...

#.....# #.....#
#.....# #.....#
#.....# #.....#
#.....#
######.....##########
.........###..#.@...#
......5..#....#5K5..#
......55.'....#.....#
....5....#....#.....#
.........#'##.#.....#
##########.##)##'####
#.........))...#
#............(.#
#..............#


You could see Pikel and 2 lemures.

Vanquished Creatures
  2 black bears
  A lemure (D:5)
  2 necrophages (D:4)
  A howler monkey (D:4)
  2 hounds (D:5)
  An iguana (D:4)
  6 orc wizards (D:5)
  Robin (D:3)
  12 adders
  3 gnolls (D:4)
  3 ufetubi
  4 worms
  4 orcs
  11 ball pythons
  7 endoplasms
  3 giant cockroaches
  6 hobgoblins
  2 jackals (D:1)
  4 quokkas
  4 bats
  3 frilled lizards
  15 goblins
  7 kobolds
  5 rats
109 creatures vanquished.

Vanquished Creatures (others)
  An orc wizard (D:5)
1 creature vanquished.

Grand Total: 110 creatures vanquished

Notes
Turn   | Place    | Note
-------+----------+-------------------------------------------
     0 | D:1      | drugrobin the Demigod Fighter began the quest for the Orb.
     0 | D:1      | Reached XP level 1. HP: 18/18 MP: 3/3
    26 | D:1      | Reached skill level 2 in Axes
   202 | D:1      | You fall into a shaft and drop 1 floor!
   270 | D:2      | Reached XP level 2. HP: 25/25 MP: 4/4
   351 | D:2      | Reached skill level 3 in Axes
  1222 | D:2      | Reached XP level 3. HP: 26/30 MP: 5/5
  1860 | D:3      | Reached skill level 4 in Axes
  1863 | D:3      | Noticed Robin
  1887 | D:3      | Reached XP level 4. HP: 21/37 MP: 6/6
  1888 | D:3      | Killed Robin
  3349 | D:4      | Reached skill level 5 in Axes
  3349 | D:4      | Reached XP level 5. HP: 36/42 MP: 7/7
  3426 | D:4      | Noticed a black bear
  3526 | D:4      | Noticed a black bear
  3553 | D:3      | Killed a black bear
  3554 | D:3      | Reached skill level 6 in Axes
  3554 | D:3      | Reached XP level 6. HP: 29/50 MP: 8/8
  4138 | D:4      | Reached skill level 7 in Axes
  4469 | D:4      | Reached XP level 7. HP: 52/56 MP: 9/9
  4470 | D:4      | Identified the +5 whip of Sloth {antimagic, rCorr}
  4654 | D:5      | Entered Level 5 of the Dungeon
  5003 | D:5      | Reached skill level 8 in Axes
  5312 | D:5      | Noticed Pikel
  5340 | D:5      | Slain by Pikel

Illustrated notes

Levels and vault maps discovered:
D:1:      wander_arrival_desolate, layout_loops_cross, st_stairs_3,
          minmay_misc_feat_five
D:2:      layout_basic, basic_ecumenical_altar
D:3:      layout_loops_corners, nicolae_dithmenos_the_darkroom,
          lightli_temple_of_fire, minmay_quantized, uniq_robin
D:4:      minmay_opposing_rooms, layout_loops_ring,
          nicolae_gozag_cash_rules_everything_around_me
D:5:      layout_gridville, mainiacjoe_overflow_surrounded_room, serial_shops,
          kennysheep_little_box, amcnicky_mini_rare_corridor_liquid,
          minmay_a_box_with_orc_wizards_in_it, uniq_grinder, uniq_pikel

Skill      XL: |  1  2  3  4  5  6  7 |
---------------+----------------------+-----
Axes           | 2 3 4 5 6 7 8 |  8.2
Fighting       | |  2.6
Armour         | |  2.6
Shields        | |  2.6

Action                   |  1- 3 |  4- 6 |  7- 9 || total
-------------------------+-------+-------+-------++-------
Melee: War axe           |    95 |    39 |       ||   134
       Whip              |       |   143 |   102 ||   245
 Fire: Sling             |    13 |       |       ||    13
Throw: Boomerang         |       |       |     2 ||     2
Evoke: Wand              |       |       |     2 ||     2
  Use: Potion            |       |     1 |       ||     1
 Stab: Distracted        |     1 |       |       ||     1
Armor: Scale mail        |    46 |    79 |       ||   125
       Chain mail        |       |    21 |    64 ||    85
Dodge: Dodged            |    49 |    84 |    19 ||   152
Block: Buckler           |    21 |    38 |    19 ||    78

Table legend: (Time is in decaauts)
 A = Elapsed time spent in this place.
 B = Non-inter-level travel time spent in this place.
 C = Inter-level travel time spent in this place.
 D = Time resting spent in this place.
 E = Time spent auto-exploring this place.
 F = Levels seen in this place.
 G = Mean time per level.
                   A        B        C        D        E       F      G
               +--------+--------+--------+--------+--------+-----+--------+
         Total |   5371 |   5148 |    223 |    477 |   3457 |   5 | 1074.2 |
       Dungeon |   5371 |   5148 |    223 |    477 |   3457 |   5 | 1074.2 |
               +--------+--------+--------+--------+--------+-----+--------+

Top non-repeatable levels by time:
     D:3: 1510 daAuts
     D:4: 1365 daAuts
     D:2: 1032 daAuts
     D:1: 786 daAuts
     D:5: 676 daAuts
